Map: Abyssal Reef LE

Players

SamuraiFunn - Winner!

  • Race: Protoss Protoss
  • Spawn Location: 11:00

A.I. 1 (Very Hard)

  • Race: Protoss Protoss
  • Spawn Location: 5:00

VOD

Have the link to the VOD?

Description

Time

  • Played on: Nov. 23, 2017, 3:57 p.m.
  • Length: 6:27
Show
View Real Time Build Order
Export as new Build Order

SamuraiFunn Protoss - Winner!

Build Orders: Dark Templar Rush 

Get SALT Encoding   

  12  0:01  Probe  
  13  0:13  Probe  
  14  0:20  Pylon  
  14  0:25  Probe  
  15  0:37  Assimilator  
  15  0:38  Probe  
  16  0:50  Probe  
  16  0:54  Gateway  
  17  1:02  Probe  
  18  1:14  Probe  
  19  1:22  Assimilator  
  19  1:33  Probe  
  20  1:45  Probe, Cybernetics Core  
  21  1:49  Pylon  
  21  1:57  Probe  
  22  2:06  Pylon  
  22  2:12  Probe  
  23  2:17  Nexus  
  23  2:22  Adept  
  25  2:36  Probe  
  26  2:44  Warp Gate (Chrono Boost)  
  26  2:48  Probe  
  26  2:51  Assimilator  
  27  2:57  Twilight Council  
  27  3:00  Probe  
  28  3:12  Probe  
  29  3:14  Adept  
  29  3:18  Assimilator  
  31  3:26  Probe  
  32  3:35  Probe  
  33  3:43  Dark Shrine  
  33  3:48  Gateway x2  
  33  3:49  Gateway  
  33  4:14  Probe x2  
  35  4:26  Probe x2  
  35  4:30  Pylon  
  37  4:32  Pylon  
  37  4:40  Probe  
  37  4:41  Probe  
  39  4:53  Probe x2  
  39  4:56  Dark Templar x3  
  39  4:57  Dark Templar  
  49  5:34  Dark Templar x3  
  55  5:46  Probe x2  
Show
View Real Time Build Order
Export as new Build Order

A.I. 1 (Very Hard) Protoss 

Build Orders:  

Get SALT Encoding   

  12  0:00  Probe  
  13  0:13  Probe  
  14  0:20  Pylon  
  14  0:25  Probe  
  15  0:38  Probe  
  16  0:48  Assimilator  
  16  0:50  Probe  
  16  0:51  Gateway  
  17  1:02  Probe, Pylon  
  18  1:14  Probe  
  19  1:26  Probe  
  20  1:38  Probe  
  20  1:39  Zealot  
  23  1:41  Cybernetics Core  
  23  1:44  Gateway  
  23  1:51  Probe  
  24  1:55  Pylon  
  24  2:03  Probe  
  24  2:06  Zealot  
  27  2:15  Probe  
  28  2:17  Warp Gate  
  28  2:27  Probe  
  29  2:31  Adept  
  29  2:33  Adept  
  29  2:36  Gateway  
  33  2:46  Gateway  
  35  2:58  Adept  
  35  3:00  Adept  
  35  3:02  Pylon  
  35  3:04  Probe  
  37  3:16  Probe  
  38  3:24  Adept  
  38  3:25  Adept  
  42  3:27  Adept  
  42  3:33  Adept  
  46  3:36  Pylon  
  46  3:47  Twilight Council  
  46  4:08  Pylon  
  46  4:25  Assimilator  
  46  4:41  Templar Archives  
  46  4:46  Zealot  
  48  4:56  Nexus  
  48  5:17  High Templar  
  50  5:24  Zealot, Stalker  
  48  5:36  Zealot  
  38  5:45  Zealot  
  38  5:49  High Templar  
  38  6:02  Zealot  
  40  6:07  Nexus  
  40  6:08  Probe  
Tags
 
Matchup
PvP
Replay Pack
First 100 games
Spawn Locations
Cross Positions
Add a new tag
Caveats
  • Supply blocks, unpowered buildings, or Contaminate may cause inaccurate times.
  • Supply counts are checked every 10 seconds.